 Dungeon Crawl Stone Soup version 0.26.0-45-g9c1d065592 (webtiles) character file.

Game seed: 3183740592206157143

220 lawman0 the Covert (level 5, 0/28 HPs)
             Began as a Spriggan Delver on Jan 30, 2021.
             Killed from afar by an orc wizard (8 damage)
             ... with a magic dart
             ... on level 3 of the Dungeon.
             The game lasted 00:02:19 (1131 turns).

lawman0 the Covert (Spriggan Delver)                Turns: 1131, Time: 00:02:19

Health: 0/28       AC:  2    Str:  8    XL:     5   Next: 64%
Magic:  6/6        EV: 19    Int: 12    God:
Gold:   0          SH:  0    Dex: 18    Spells: 4/4 levels left

rFire    . . .     SeeInvis +   a - +0 short sword
rCold    . . .     Faith    .   (shield restricted)
rNeg     . . .     Spirit   .   b - +0 robe
rPois    .         Reflect  .   (helmet restricted)
rElec    .         Harm     .   l - scarf {shadows}
rCorr    .         Rampage  .   (gloves unavailable)
Will     .....                  (boots unavailable)
Stlth    ++++......             d - amulet of magic regeneration
HPRegen  0.09/turn              (no ring)
MPRegen  0.35/turn              (no ring)

@: lethally poisoned (0 -> -30), very quick
A: very small, unfitting armour, see invisible, speed 3
a: no special abilities


You were on level 3 of the Dungeon.
You visited 1 branch of the dungeon, and saw 3 of its levels.

Inventory:

Hand Weapons
 a - a +0 short sword (weapon)
Armour
 b - a +0 robe (worn)
 l - a scarf of shadows (worn)
Jewellery
 d - an amulet of magic regeneration (around neck)
Wands
 g - a wand of digging (3)
 j - a wand of paralysis (1)
Scrolls
 e - 2 scrolls of fear
 h - a scroll of remove curse
Potions
 c - a potion of heal wounds
 f - a potion of haste
 i - a potion of berserk rage
 k - a potion of curing


   Skills:
 + Level 2.8 Fighting
 * Level 4.1 Short Blades
 + Level 3.6 Dodging
 + Level 9.5 Stealth
 + Level 0.6 Evocations


You had 4 spell levels left.
You didn't know any spells.
Your spell library was empty.

Dungeon Overview and Level Annotations

Branches:
Dungeon (5/15)
 Temple: D:4-7

Altars:
Ashenzari


Innate Abilities, Weirdness & Mutations

You are very small and have problems with some larger weapons.
You are too small for most types of armour.
You have supernaturally acute eyesight. (SInv)
You cover ground extremely quickly.


Message History

The orc wizard barely misses you.
You hit the orc wizard but do no damage.
The orc wizard is lightly wounded.
You feel sick.
The orc wizard hits you with a +0 dagger of venom.
You are lethally poisoned!
You are too injured to fight recklessly!
You hit the orc wizard.
The orc wizard is lightly wounded.
You feel sick.
The orc wizard hits you but does no damage.
You are more poisoned.
You are too injured to fight recklessly!
You hit the orc wizard.
The orc wizard is moderately wounded.
* * * LOW HITPOINT WARNING * * *
You feel sick. The orc wizard casts a spell at you. The magic dart hits you!
You die...

# .# ..#
##.######...#
.....o......#
#@[....#
#.....##
......#
##...(.#
#.....#
#.....#
......#


You could see an orc wizard (fast).

Vanquished Creatures
  An ice beast (D:4)
  2 orc priests
  A bullfrog skeleton (D:4)
  A worker ant (D:4)
  4 orcs (D:4)
  A ball python (D:4)
  2 jackals (D:4)
  A quokka (D:4)
  A rat (D:3)
14 creatures vanquished.

Notes
Turn   | Place    | Note
-------+----------+-------------------------------------------
     0 | D:5      | lawman0 the Spriggan Delver began the quest for the Orb.
     0 | D:5      | Reached XP level 1. HP: 11/11 MP: 2/2
    21 | D:5      | Noticed a scorpion
    40 | D:5      | Noticed a jelly
    58 | D:4      | Noticed an orc wizard
    99 | D:4      | Noticed an orc priest
   108 | D:4      | Killed an orc priest
   109 | D:4      | Reached skill level 8 in Stealth
   109 | D:4      | Reached XP level 2. HP: 16/16 MP: 3/3
   109 | D:4      | Reached XP level 3. HP: 19/19 MP: 4/4
   176 | D:4      | Noticed an ice beast
   185 | D:4      | Killed an ice beast
   186 | D:4      | Reached skill level 9 in Stealth
   186 | D:4      | Reached XP level 4. HP: 11/23 MP: 5/5
   413 | D:4      | Reached XP level 5. HP: 4/27 MP: 6/6
   673 | D:4      | Found a broken altar of Ashenzari.
  1131 | D:3      | Killed from afar by an orc wizard

Illustrated notes

Levels and vault maps discovered:
D:3:      layout_basic, gammafunk_ghost_grave, uniq_natasha, uniq_robin,
          uniq_jessica
D:4:      layout_loops_ring, minmay_temple_entry_enclosed_plants,
          evilmike_ruin_ashenzari
D:5:      layout_rooms, uniq_edmund

Skill      XL: |  1  2  3  4  5 |
---------------+----------------+-----
Stealth        | 8 9 |  9.5
Short Blades   | 3 4 |  4.1
Fighting       | |  2.8
Dodging        | |  3.6
Evocations     | |  0.6

Action                   |  1- 3 |  4- 6 || total
-------------------------+-------+-------++-------
Melee: Short sword       |    27 |    47 ||    74
Evoke: Wand              |     4 |       ||     4
  Use: Scroll            |     3 |     2 ||     5
       Potion            |     1 |       ||     1
 Stab: Paralysed         |     2 |       ||     2
       Sleeping          |       |     1 ||     1
Armor: Robe              |       |     6 ||     6
Dodge: Dodged            |    31 |    30 ||    61
